 Dungeon Crawl Stone Soup version 0.22.0-27-ga576289601 (webtiles) character file.

92 KamiKatze the Shield-Bearer (level 4, 0/23 HPs)
             Began as a Vine Stalker Fighter on Aug 23, 2018.
             Killed from afar by Terence (4 damage)
             ... with a wand of flame (12)
             ... on level 2 of the Dungeon.
             The game lasted 00:03:39 (1437 turns).

KamiKatze the Shield-Bearer (Vine Stalker Fighter)  Turns: 1437, Time: 00:03:40

Health: 0/23       AC:  6    Str: 20    XL:     4   Next: 60%
Magic:  0/5        EV:  8    Int:  8    God:
Gold:   58         SH:  9    Dex: 13    Spells: 3/3 levels left

rFire    . . .     SeeInvis .   a - +0 rapier
rCold    . . .     Gourm    .   c - +0 shield
rNeg     . . .     Faith    .   b - +0 scale mail
rPois    .         Spirit   +   (no helmet)
rElec    .         Reflect  .   (no cloak)
rCorr    .         Harm     .   (no gloves)
MR       .....                  (no boots)
Stlth    ..........             (no amulet)
HPRegen  0.47/turn              (no ring)
MPRegen  0.09/turn              (no ring)

@: no status effects
A: fangs 2, regeneration 1, magic shield, antimagic bite, no potion heal 3, rot
immunity
a: no special abilities


You were on level 2 of the Dungeon.
You were hungry.

You visited 1 branch of the dungeon, and saw 2 of its levels.

You collected 58 gold pieces.

Inventory:

Hand Weapons
 a - a +0 rapier (weapon)
Missiles
 j - 8 tomahawks (quivered)
 k - 68 stones
Armour
 b - a +0 scale mail (worn)
 c - a +0 shield (worn)
Scrolls
 h - a scroll of enchant armour {unknown}
 m - 2 scrolls of fog {unknown}
 o - 5 scrolls of identify {unknown}
 p - a scroll of remove curse {unknown}
Potions
 d - a potion of might
 e - 3 potions of haste {unknown}
 g - a potion of curing {unknown}
 i - a potion of degeneration {unknown}
 l - a potion of invisibility {unknown}
 q - a potion of heal wounds
Comestibles
 f - 4 rations


   Skills:
 + Level 2.9 Fighting
 + Level 2.1 Short Blades
 * Level 2.9 Armour
 * Level 1.5 Dodging
 * Level 3.3 Shields


You had 3 spell levels left.
You didn't know any spells.
Your spell library contained the following spells:

 Spells                   Type           Power        Failure   Level  Hunger
 Corona                   Hex            #......      99%         1    ##.....
 Ensorcelled Hibernation  Hex/Ice        #.....       100%        2    ###....
 Confuse                  Hex            #.......     100%        3    ####...
 Dazzling Spray           Conj/Hex       #.....       100%        3    ####...
 Tukima's Dance           Hex            #.......     100%        3    ####...


Dungeon Overview and Level Annotations

Branches:
Dungeon (2/15)

Altars:

Annotations:
D:2 Terence


Innate Abilities, Weirdness & Mutations

You have extremely sharp teeth.
Your natural rate of healing is unusually fast.
When hurt, damage is shared between your health and your magic reserves.
Your bite disrupts and absorbs the magic of your enemies.
Potions cannot restore your health.
You are immune to rotting.


Message History

Terence is severely wounded.
You block Terence's attack.
Terence drinks a potion.
Terence is healed!
You hit Terence but do no damage. Terence hits you with a hand axe!
* * * LOW HITPOINT WARNING * * *
Your shield and scale mail prevent you from hitting Terence.
You block Terence's attack.
You hit Terence but do no damage. You bite Terence. You drain his power.
You feel invigorated.
Terence is lightly wounded.
Terence hits you with a hand axe.
* * * LOW HITPOINT WARNING * * *
Terence zaps a wand.
The puff of flame hits you!
* * * LOW HITPOINT WARNING * * *
There is a stone staircase leading down here.
Terence zaps a wand.
You block the puff of flame.
Terence zaps a wand.
The puff of flame hits you!
* * * LOW HITPOINT WARNING * * *
Terence bares his teeth.
Terence zaps a wand.
The puff of flame hits you!
You die...

############################
#..>..@....@...........)....
#.##########################
#.# #.# #.# #.# #.# ###.#
..#.#


You could see Terence.

Vanquished Creatures
  Jessica (D:2)
  Natasha (D:2)
  An adder (D:2)
  A leopard gecko (D:2)
  6 bats (D:1)
  A giant cockroach (D:1)
  5 goblins
  5 hobgoblins
  2 frilled lizards
  4 kobolds
  5 rats
32 creatures vanquished.

Notes
Turn   | Place    | Note
-------+----------+-------------------------------------------
     0 | D:1      | KamiKatze the Vine Stalker Fighter began the quest for the Orb.
     0 | D:1      | Reached XP level 1. HP: 11/11 MP: 2/2
    89 | D:1      | Reached XP level 2. HP: 12/16 MP: 3/3
   633 | D:2      | Reached skill level 1 in Dodging
   633 | D:2      | Reached skill level 3 in Shields
   633 | D:2      | Reached XP level 3. HP: 15/19 MP: 2/4
  1011 | D:2      | Noticed Natasha
  1032 | D:2      | Killed Natasha
  1032 | D:2      | Gained mutation: Your natural rate of healing is unusually fast. [Vine Stalker growth]
  1032 | D:2      | Reached XP level 4. HP: 18/23 MP: 3/5
  1052 | D:2      | Noticed Jessica
  1069 | D:2      | Killed Jessica
  1401 | D:2      | Noticed Terence
  1437 | D:2      | Killed from afar by Terence

Skill      XL: |  1  2  3 |
---------------+----------+-----
Dodging        | 1 |  1.5
Shields        | 3 |  3.3
Short Blades   | 2 |  2.1
Fighting       | |  2.9
Armour         | |  2.9

Action                   |  1- 3 |  4- 6 || total
-------------------------+-------+-------++-------
Melee: Rapier            |    66 |    24 ||    90
       Bite              |    11 |     4 ||    15
  Eat: Chunk             |       |     1 ||     1
Armor: Scale mail        |    29 |     4 ||    33
Dodge: Dodged            |    17 |     5 ||    22
Block: Shield            |    39 |    11 ||    50
